AoeStats
← LM | TornardoBriese

Arabia

504747625Analyzed
1v1 RM · 27d ago on Sep 6, 2026· 30m 33s· 2 players
Game mode
Random Map
Map size
Tiny (2 player)
Population
200
Speed
Normal
Resources
Standard
Victory
Conquest
Starting age
Dark Age
Ending age
Imperial Age
RankedLock teamsTeams togetherTeam positionsShared explorationLock speedFull tech treeHidden civsTurbo modeCheats
Victory
Defeat
🇨🇭 Franks · Switzerland
1209
+17
🇷🇴 Franks · Romania
1222
-17
LM | TornardoBriese
6:28 Loom
9:15 Feudal Age
10:27 Double-Bit Axe
18:43 Wheelbarrow
21:23 Castle Age
19:28 Gold Mining
26:46 Scale Barding Armor
rav2810
5:23 Loom
8:56 Feudal Age
10:29 Double-Bit Axe
17:06 Wheelbarrow
20:49 Castle Age
19:01 Gold Mining
20:37 Scale Barding Armor
21:44 Bow Saw
28:31 Pikeman
Connection lost

Rejoining the realm…

Still unreachable

The connection could not be restored.

Session expired

The server has moved on; the page needs a fresh start.